MLB
NEW YORK METS @ PITTSBURGH PIRATES
06/10/2098
 
TOP OF THE 1ST
New York Mets batting - Pitching for Pittsburgh Pirates : LHP Mike Rutherford
Pitching: LHP Mike Rutherford
Batting: LHB David Thomas 0-0: Ball
1-0: Ball
2-0: Called Strike
2-1: Foul Ball, location: 2F
2-2: SINGLE (Groundball, 34D, EV 108.8 MPH)
Batting: RHB Daniel Tellado 0-0: Ball
1-0: Ball
2-0: Called Strike
2-1: Called Strike
2-2: Ball
3-2: Strikes out looking
Batting: RHB Jeff Hestermann 0-0: Called Strike
0-1: Called Strike
0-2: Ball
1-2: Foul Ball, location: 23FF
1-2: Strikes out swinging
Batting: RHB Jose de la Rosa 0-0: Called Strike
0-1: Ball
1-1: Swinging Strike
1-2: Fly out, F8 (Line Drive, 8LD, EV 105.6 MPH)
Top of the 1st over - 0 runs, 1 hit, 0 errors, 1 left on base; New York 0 - Pittsburgh 0
BOTTOM OF THE 1ST
Pittsburgh Pirates batting - Pitching for New York Mets : RHP Stephen Straka
Pitching: RHP Stephen Straka
Batting: RHB Randy Wilson 0-0: SINGLE (Line Drive, 56D, EV 99.4 MPH)
Batting: RHB Joey Noles 0-0: Ball
1-0: Called Strike
1-1: Swinging Strike
1-2: Reached on error, E6 (Groundball, 6, EV 107.5 MPH)
Randy Wilson to second
Batting: RHB Nate D'Acquisto 0-0: Called Strike
0-1: Called Strike
0-2: Ground out 5-3 (Groundball, 5S, EV 70.6 MPH)
Randy Wilson to third
Joey Noles to second
Batting: RHB Zachary Gugliotta 0-0: Ball
1-0: Ball
2-0: Called Strike
2-1: Called Strike
2-2: Ball
3-2: Fly out, F3 (Popup, 3, EV 72.5 MPH)
Batting: RHB Raul Munoz 0-0: Ball
1-0: Ball
2-0: Ball
3-0: Called Strike
3-1: Base on Balls
Batting: LHB Todd Schuller 0-0: Ball
1-0: SINGLE (Line Drive, 9S, EV 103.8 MPH)
Randy Wilson scores
Joey Noles to third
Raul Munoz to second
Throwing error, E9
Joey Noles scores
Raul Munoz to third
Todd Schuller to second
Batting: RHB Carlos Flores 0-0: Ball
1-0: Ball
2-0: Ball
Wild Pitch!
Raul Munoz scores
Todd Schuller to third
3-0: Called Strike
3-1: Base on Balls
Batting: RHB Alex Velazquez 0-0: DOUBLE (Flyball, 8RXD, EV 111.9 MPH)
Todd Schuller scores
Carlos Flores to third
Batting: RHB Verner Johannsen 0-0: Foul Ball, location: 7LSFF
0-1: Ball
1-1: Ball
2-1: Ball
3-1: Swinging Strike
3-2: Ground out U3 (Groundball, 34, EV 103.1 MPH)
Bottom of the 1st over - 4 runs, 3 hits, 2 errors, 2 left on base; New York 0 - Pittsburgh 4
TOP OF THE 2ND
New York Mets batting - Pitching for Pittsburgh Pirates : LHP Mike Rutherford
Batting: RHB Marty Krpan 0-0: Ball
1-0: Foul Ball, location: 2F
1-1: Called Strike
1-2: Ball
2-2: Foul Ball, location: 25F
2-2: Foul Ball, location: 5F
2-2: Ball
3-2: Strikes out looking
Batting: RHB Omar Munoz 0-0: Foul Ball, location: 23F
0-1: Foul Ball, location: 2F
0-2: Ball
1-2: Foul Ball, location: 2LF
1-2: Ball
2-2: Strikes out looking
Batting: RHB Chris Sims 0-0: Swinging Strike
0-1: Ball
1-1: Ball
2-1: Ground out 6-3 (Groundball, 6, EV 102.5 MPH)
Top of the 2nd over - 0 runs, 0 hits, 0 errors, 0 left on base; New York 0 - Pittsburgh 4
BOTTOM OF THE 2ND
Pittsburgh Pirates batting - Pitching for New York Mets : RHP Stephen Straka
Batting: RHB Randy Wilson 0-0: Called Strike
0-1: Ball
1-1: Ball
2-1: SINGLE (Line Drive, 78M, EV 103.8 MPH)
Batting: RHB Joey Noles 0-0: Ball
1-0: Foul Ball, location: 7LMF
1-1: Fielders Choice at 2nd, 6-4 (Groundball, 6, EV 101.3 MPH)
Batting: RHB Nate D'Acquisto 0-0: Ball
1-0: Ball
2-0: Ball
3-0: Called Strike
3-1: Base on Balls
Joey Noles to second
Batting: RHB Zachary Gugliotta 0-0: Ball
1-0: Ball
2-0: Foul Ball, location: 9LDF
2-1: Ball
3-1: Swinging Strike
3-2: Fly out, F9 (Flyball, 89D, EV 90.0 MPH)
Runner from 2nd tags up, SAFE at 3rd, no throw by RF
Batting: RHB Raul Munoz 0-0: Foul Ball, location: 2F
0-1: Fielders Choice at 2nd, 6-4 (Groundball, 6, EV 103.1 MPH)
Bottom of the 2nd over - 0 runs, 1 hit, 0 errors, 2 left on base; New York 0 - Pittsburgh 4
TOP OF THE 3RD
New York Mets batting - Pitching for Pittsburgh Pirates : LHP Mike Rutherford
Batting: RHB Nate Morrison 0-0: Ball
1-0: Ground out 6-3 (Groundball, 6, EV 83.1 MPH)
Batting: LHB Omar Gomez 0-0: Swinging Strike
0-1: Swinging Strike
0-2: Ball
1-2: Strikes out swinging
Batting: LHB David Thomas 0-0: Foul Ball, location: 7LMF
0-1: Ball
1-1: Ball
2-1: Ball
3-1: Base on Balls
Batting: RHB Daniel Tellado 0-0: Foul Ball, location: 9LMF
0-1: Swinging Strike
0-2: Ball
1-2: Strikes out swinging
Top of the 3rd over - 0 runs, 0 hits, 0 errors, 1 left on base; New York 0 - Pittsburgh 4
BOTTOM OF THE 3RD
Pittsburgh Pirates batting - Pitching for New York Mets : RHP Stephen Straka
Batting: LHB Todd Schuller 0-0: Ground out 4-3 (Groundball, 4, EV 108.1 MPH)
Batting: RHB Carlos Flores 0-0: Ball
1-0: Called Strike
1-1: Foul Ball, location: 9LDF
1-2: Ball
2-2: Ground out 6-3 (Groundball, 56, EV 78.8 MPH)
Batting: RHB Alex Velazquez 0-0: Ball
1-0: Ball
2-0: Ball
3-0: Called Strike
3-1: Ground out U3 (Groundball, 3L, EV 101.9 MPH)
Bottom of the 3rd over - 0 runs, 0 hits, 0 errors, 0 left on base; New York 0 - Pittsburgh 4
TOP OF THE 4TH
New York Mets batting - Pitching for Pittsburgh Pirates : LHP Mike Rutherford
Batting: RHB Jeff Hestermann 0-0: Called Strike
0-1: Ball
1-1: Foul Ball, location: 2F
1-2: DOUBLE (Line Drive, 7LM, EV 110.0 MPH)
Batting: RHB Jose de la Rosa 0-0: Foul Ball, location: 3DF
0-1: Ball
1-1: Foul Ball, location: 2F
1-2: Foul Ball, location: 9LSF
1-2: Ball
Passed Ball!
Jeff Hestermann to third
2-2: Ball
3-2: Fly out, F9 (Line Drive, 89M, EV 90.0 MPH)
Runner from 3rd tags up, OUT at HOME! 9-2
Batting: RHB Marty Krpan 0-0: Ball
1-0: Called Strike
1-1: Ball
2-1: Fly out, F5 (Popup, 56S, EV 81.3 MPH)
Top of the 4th over - 0 runs, 1 hit, 0 errors, 0 left on base; New York 0 - Pittsburgh 4
BOTTOM OF THE 4TH
Pittsburgh Pirates batting - Pitching for New York Mets : RHP Stephen Straka
Batting: RHB Verner Johannsen 0-0: Ball
1-0: Foul Ball, location: 2F
1-1: Foul Ball, location: 7LMF
1-2: Ball
2-2: Foul Ball, location: 7LSF
2-2: Ball
3-2: Ground out 1-3 (Groundball, 13, EV 70.6 MPH)
Batting: RHB Randy Wilson 0-0: Called Strike
0-1: Ball
1-1: Swinging Strike
1-2: Ball
2-2: Ball
3-2: Foul Ball, location: 9LSF
3-2: Foul Ball, location: 7LSF
3-2: Base on Balls
Batting: RHB Joey Noles 0-0: Called Strike
0-1: Fly out, F8 (Flyball, 8LM, EV 91.3 MPH)
Batting: RHB Nate D'Acquisto 0-0: Called Strike
0-1: Ball
1-1: Foul Ball, location: 2F
1-2: Foul Ball, location: 2F
1-2: Ball
2-2: Foul Ball, location: 2F
2-2: Ball
3-2: Strikes out swinging
Bottom of the 4th over - 0 runs, 0 hits, 0 errors, 1 left on base; New York 0 - Pittsburgh 4
TOP OF THE 5TH
New York Mets batting - Pitching for Pittsburgh Pirates : LHP Mike Rutherford
Batting: RHB Omar Munoz 0-0: Ball
1-0: Ball
2-0: Ground out 6-3 (Groundball, 6, EV 85.0 MPH)
Batting: RHB Chris Sims 0-0: Foul Ball, location: 3DF
0-1: Ball
1-1: Fly out, F9 (Flyball, 9D, EV 106.3 MPH)
Batting: RHB Nate Morrison 0-0: Ball
1-0: Foul Ball, location: 25FF
1-1: Foul Ball, location: 2F
1-2: Strikes out swinging
Top of the 5th over - 0 runs, 0 hits, 0 errors, 0 left on base; New York 0 - Pittsburgh 4
BOTTOM OF THE 5TH
Pittsburgh Pirates batting - Pitching for New York Mets : RHP Stephen Straka
Batting: RHB Zachary Gugliotta 0-0: Fly out, F7 (Flyball, 7LMF, EV 111.3 MPH)
Batting: RHB Raul Munoz 0-0: SINGLE (Line Drive, 9S, EV 102.5 MPH)
Batting: LHB Todd Schuller 0-0: Called Strike
0-1: Called Strike
0-2: Ball
1-2: Ball
2-2: Foul Ball, location: 9LMF
2-2: Ground out 4-3 (Groundball, 34D, EV 107.5 MPH)
Raul Munoz to second
Batting: RHB Carlos Flores 0-0: Ground out 5-3 (Groundball, 56, EV 86.9 MPH)
Bottom of the 5th over - 0 runs, 1 hit, 0 errors, 1 left on base; New York 0 - Pittsburgh 4
TOP OF THE 6TH
New York Mets batting - Pitching for Pittsburgh Pirates : LHP Mike Rutherford
Batting: LHB Omar Gomez 0-0: Called Strike
0-1: Fly out, F8 (Flyball, 8LM, EV 76.3 MPH)
Batting: LHB David Thomas 0-0: Ball
1-0: Ground out 5-3 (Groundball, 56, EV 83.8 MPH)
Batting: RHB Daniel Tellado 0-0: Ball
1-0: Called Strike
1-1: Foul Ball, location: 2F
1-2: Ball
2-2: DOUBLE (Line Drive, 5D, EV 110.0 MPH)
Pitching: RHP Emilio Rios
Batting: RHB Jeff Hestermann 0-0: Fly out, F7 (Flyball, 7D, EV 111.3 MPH)
Top of the 6th over - 0 runs, 1 hit, 0 errors, 1 left on base; New York 0 - Pittsburgh 4
BOTTOM OF THE 6TH
Pittsburgh Pirates batting - Pitching for New York Mets : RHP Stephen Straka
Batting: RHB Alex Velazquez 0-0: Ground out 1-3 (Groundball, 13, EV 73.1 MPH)
Batting: RHB Verner Johannsen 0-0: Swinging Strike
0-1: Called Strike
0-2: Ball
1-2: Ball
2-2: Strikes out looking
Batting: RHB Randy Wilson 0-0: Foul Ball, location: 5F
0-1: Ball
1-1: Foul Ball, location: 5F
1-2: DOUBLE (Flyball, 78XD, EV 103.1 MPH)
Batting: RHB Joey Noles 0-0: Intentional Walk
Pitching: RHP Matt Taylor
Batting: RHB Nate D'Acquisto 0-0: DOUBLE (Line Drive, 78D, EV 103.8 MPH)
Randy Wilson scores
Joey Noles to third
Batting: RHB Zachary Gugliotta 0-0: Ball
1-0: Ball
2-0: Foul Ball, location: 2F
2-1: Foul Ball, location: 3FF
2-2: Foul Ball, location: 25FF
2-2: Foul Ball, location: 2F
2-2: Foul Ball, location: 5FF
2-2: Ball
3-2: Base on Balls
Batting: RHB Raul Munoz 0-0: Ball
1-0: Called Strike
1-1: Swinging Strike
1-2: Foul Ball, location: 23FF
1-2: Strikes out swinging
Bottom of the 6th over - 1 run, 2 hits, 0 errors, 3 left on base; New York 0 - Pittsburgh 5
TOP OF THE 7TH
New York Mets batting - Pitching for Pittsburgh Pirates : RHP Emilio Rios
Batting: RHB Jose de la Rosa 0-0: Ball
1-0: Called Strike
1-1: Called Strike
1-2: Ball
2-2: Reached on error, E4 (Groundball, 34, EV 67.5 MPH)
Batting: RHB Marty Krpan 0-0: Swinging Strike
0-1: Ball
1-1: Foul Ball, location: 5F
1-2: Grounds into double play, 6-4-3 (Groundball, 56, EV 89.4 MPH)
Batting: RHB Omar Munoz 0-0: Ball
1-0: Called Strike
1-1: Fly out, F7 (Flyball, 78D, EV 92.5 MPH)
Top of the 7th over - 0 runs, 0 hits, 1 error, 0 left on base; New York 0 - Pittsburgh 5
BOTTOM OF THE 7TH
Pittsburgh Pirates batting - Pitching for New York Mets : RHP Matt Taylor
Batting: LHB Todd Schuller 0-0: SINGLE (Line Drive, 34, EV 103.8 MPH)
Batting: RHB Carlos Flores 0-0: Called Strike
0-1: Foul Ball, location: 2F
0-2: DOUBLE (Line Drive, 9LM, EV 103.8 MPH)
Todd Schuller to third
Batting: RHB Alex Velazquez 0-0: Called Strike
0-1: Ball
1-1: Ball
2-1: Ball
3-1: Ground out U3 (Groundball, 34, EV 91.9 MPH)
Todd Schuller scores
Carlos Flores to third
Pitching: RHP Luke Springer
Batting: RHB Verner Johannsen 0-0: Fly out, F6 (Line Drive, 6, EV 61.9 MPH)
Lined into DP, 6-5 (Line Drive, 6, EV 61.9 MPH)
Bottom of the 7th over - 1 run, 2 hits, 0 errors, 0 left on base; New York 0 - Pittsburgh 6
TOP OF THE 8TH
New York Mets batting - Pitching for Pittsburgh Pirates : RHP Emilio Rios
Batting: RHB Chris Sims 0-0: Ball
1-0: Called Strike
1-1: Ground out 6-3 (Groundball, 56, EV 96.3 MPH)
Pinch Hitting: SHB Curt Tolley 0-0: Swinging Strike
0-1: Ball
1-1: SOLO HOME RUN (Flyball, 9D, EV 98.8 MPH), Distance : 375 ft
Batting: LHB Omar Gomez 0-0: Ball
1-0: Ball
2-0: Foul Ball, location: 9LDF
2-1: Ball
3-1: Called Strike
3-2: Base on Balls
Batting: LHB David Thomas 0-0: Called Strike
0-1: Ball
1-1: Called Strike
1-2: Strikes out swinging
Batting: LHB Nick Angelo 0-0: Ball
1-0: Fly out, F8 (Flyball, 78M, EV 81.9 MPH)
Top of the 8th over - 1 run, 1 hit, 0 errors, 1 left on base; New York 1 - Pittsburgh 6
BOTTOM OF THE 8TH
Pittsburgh Pirates batting - Pitching for New York Mets : RHP Luke Springer
Now at SS: Nate Westendorf
Batting: RHB Randy Wilson 0-0: Called Strike
0-1: Ball
1-1: Foul Ball, location: 3DF
1-2: Ball
2-2: Ball
3-2: Foul Ball, location: 5FF
3-2: Ground out 4-3 (Groundball, 4, EV 82.5 MPH)
Batting: RHB Joey Noles 0-0: Foul Ball, location: 2F
0-1: Ball
1-1: Foul Ball, location: 9LMF
1-2: DOUBLE (Flyball, 8LXD, EV 101.3 MPH)
Batting: RHB Nate D'Acquisto 0-0: Ball
1-0: Foul Ball, location: 9LMF
1-1: Called Strike
1-2: Foul Ball, location: 9LSF
1-2: Ground out 6-3 (Groundball, 6, EV 100.6 MPH)
Batting: RHB Zachary Gugliotta 0-0: Foul Ball, location: 7LDF
0-1: Foul Ball, location: 2F
0-2: Ball
1-2: Fly out, F7 (Flyball, 7LD, EV 94.4 MPH)
Bottom of the 8th over - 0 runs, 1 hit, 0 errors, 1 left on base; New York 1 - Pittsburgh 6
TOP OF THE 9TH
New York Mets batting - Pitching for Pittsburgh Pirates : RHP Emilio Rios
Pitching: LHP Gaby Juarbe Jr.
Batting: RHB Jeff Hestermann 0-0: Ball
1-0: Called Strike
1-1: Foul Ball, location: 9LSF
1-2: Ball
2-2: Foul Ball, location: 25F
2-2: Fly out, F9 (Flyball, 9S, EV 83.8 MPH)
Batting: RHB Jose de la Rosa 0-0: Called Strike
0-1: Swinging Strike
0-2: Strikes out swinging
Batting: RHB Marty Krpan 0-0: Called Strike
0-1: Called Strike
0-2: Ball
1-2: Ball
2-2: Ball
3-2: Strikes out swinging
Top of the 9th over - 0 runs, 0 hits, 0 errors, 0 left on base; New York 1 - Pittsburgh 6
Saturday, April 6th , 2024 - OOTP Baseball 24.11 Build 85